 Dungeon Crawl Stone Soup version 0.19-a0-1899-g2d93087 (webtiles) character file.

571 Psiweapon the Insei (level 7, -5/43 HPs)
             Began as an Octopode Transmuter on Oct 20, 2016.
             Slain by a worker ant (6 damage)
             ... on level 4 of the Dungeon.
             The game lasted 00:19:17 (5600 turns).

Psiweapon the Insei (Octopode Transmuter)           Turns: 5600, Time: 00:19:18

Health: -5/43      AC:  1    Str: 12    XL:     7   Next: 34%
Magic:  10/10      EV: 13    Int: 20    God:
Gold:   231        SH:  0    Dex: 12    Spells: 2 memorised, 6 levels left

rFire  . . .     SeeInvis .     t - +3 quarterstaff (chaos)
rCold  . . .     Gourm    .     (shield currently unavailable)
rNeg   . . .     Faith    .     (helmet restricted)
rPois  .         Spirit   .     (no amulet)
rElec  .         Reflect  .     n - +3 ring of intelligence
rCorr  .         Harm     .     s - +2 ring of intelligence
MR     .....                    (no ring)
Stlth  +++.......               (no ring)
                                (no ring)
                                (no ring)
                                (no ring)
                                (no ring)

@: lethally poisoned (-5 -> -10), hasted, very quick
A: almost no armour, stealthy swim, amphibious, 8 rings, constrict 8, camouflage
1, gelatinous body 1
a: no special abilities


You were on level 4 of the Dungeon.
You were not hungry.

You visited 1 branch of the dungeon, and saw 5 of its levels.

You collected 231 gold pieces.

Inventory:

Hand Weapons
 t - a +3 quarterstaff of chaos (weapon)
Missiles
 a - 12 arrows
 m - 40 bolts
 q - 30 poisoned needles
 r - 30 sling bullets
 z - 8 tomahawks (quivered)
Armour
 v - a +0 buckler
Jewellery
 n - a +3 ring of intelligence (left tentacle)
 s - a +2 ring of intelligence (right tentacle)
Wands
 C - a wand of lightning (4/15)
Scrolls
 d - 5 scrolls of identify
 f - 2 scrolls of enchant weapon {unknown}
 g - 2 scrolls of remove curse
 h - a scroll of random uselessness {unknown}
 o - a scroll of teleportation {unknown}
 p - a scroll of blinking {unknown}
 x - a scroll of amnesia {unknown}
 y - 2 scrolls of enchant armour {unknown}
 B - a scroll of immolation {unknown}
Potions
 e - a potion of haste
 j - a potion of magic {unknown}
 w - a potion of berserk rage {unknown}
 A - a potion of cancellation {unknown}
 F - a potion of heal wounds {unknown}
Books
 b - a book of Changes

   Spells                             Type                      Level
   a - Beastly Appendage              Transmutation                1
   b - Sticks to Snakes               Transmutation                2
   c - Spider Form                    Transmutation/Poison         3
   d - Ice Form                       Ice/Transmutation            4
   e - Blade Hands                    Transmutation                5
 E - a book of Changes

   Spells                             Type                      Level
   a - Beastly Appendage              Transmutation                1
   b - Sticks to Snakes               Transmutation                2
   c - Spider Form                    Transmutation/Poison         3
   d - Ice Form                       Ice/Transmutation            4
   e - Blade Hands                    Transmutation                5
 G - a book of Maledictions

   Spells                             Type                      Level
   a - Corona                         Hexes                        1
   b - Ensorcelled Hibernation        Hexes/Ice                    2
   c - Confuse                        Hexes                        3
   d - Tukima's Dance                 Hexes                        3
   e - Dazzling Spray                 Conjuration/Hexes            3
Comestibles
 c - 2 bread rations
 l - 3 fruits
 u - 2 meat rations


   Skills:
 - Level 1.0 Fighting
 * Level 2.0 Staves
 - Level 2.2 Dodging
 + Level 1.1 Stealth
 - Level 5.7 Unarmed Combat
 - Level 2.1 Spellcasting
 - Level 5.3 Transmutations


You had 6 spell levels left.
You knew the following spells:

 Your Spells              Type           Power        Failure   Level  Hunger
a - Beastly Appendage     Tmut           ###...       1%          1    #......
b - Spider Form           Tmut/Pois      ##........   17%         3    ###....


Dungeon Overview and Level Annotations

Branches:
Dungeon (5/15)
 Temple: D:4-7

Altars:
Gozag
Okawaru
Qazlal
Ru
Sif Muna
Trog
The Shining One


Innate Abilities, Weirdness & Mutations

You cannot wear most types of armour.
You are very stealthy in the water. (Stealth+)
You are amphibious.
You can wear up to eight rings at the same time.
You can use your tentacles to constrict eight enemies at once.
Your skin changes colour to match your surroundings (Stealth+).
Your rubbery body absorbs attacks. (AC +1, EV +1)


Message History

You kill the orc priest!
Your Staves skill increases to level 2!
Your Stealth skill increases to level 1!
The orc wizard gestures wildly while chanting.
The orc wizard blinks!
The orc wizard misses you.
The orc wizard points at you and mumbles some strange words.
The magic dart hits you!
* * * LOW HITPOINT WARNING * * *
The orc wizard misses you.
The worker ant bites you but does no damage.
The orc wizard gestures wildly while chanting.
The orc wizard seems to speed up.
The orc wizard casts a spell.
The orc wizard seems to speed up.
The orc wizard casts a spell.
It was a potion of haste.
You feel yourself speed up. The worker ant bites you!
* * * LOW HITPOINT WARNING * * *
You are lethally poisoned!
The worker ant poisons you! The worker ant bites you.
You die...

######..## ##.....##....
#......## ##...###.###
#.#####.## ##.##.# #.#
#.# #.<###.###.# #.# #.#
#.#.#.####.###.### #.#
#.##.##.......(... #.#
#.##.##.#......... #)#
#.##.##.##.###.### #.#
#@##.##........... #.#
##a##.####......... #.#
#.o.#......#####.##
#.####(oo#..##### ###.##
#.............# #.....
#.#.........#.#####.....
#.#.........#...........
#.#.[.......#.#####.....
#.####.....)..# #.....


You could see a worker ant, 2 orc wizards and an orc.

Vanquished Creatures
  A howler monkey (D:4)
  2 orc priests
  2 hounds
  Crazy Yiuf (D:2)
  2 orc wizards
  An iguana (D:5)
  2 worker ants
  A hound skeleton (D:4)
  A worker ant zombie (D:5)
  4 gnolls (D:3)
  9 adders
  An ooze (D:3)
  An adder skeleton (D:4)
  2 worms (D:3)
  A dart slug (D:3)
  A leopard gecko (D:3)
  15 orcs
  2 ball pythons
  2 giant cockroaches
  8 goblins
  6 hobgoblins
  5 jackals
  9 kobolds
  12 bats
  6 frilled lizards
  A leopard gecko skeleton (D:4)
  A quokka zombie (D:5)
  7 rats
106 creatures vanquished.

Notes
Turn   | Place    | Note
-------+----------+-------------------------------------------
     0 | D:1      | Psiweapon the Octopode Transmuter began the quest for the Orb.
     0 | D:1      | Reached XP level 1. HP: 13/13 MP: 3/3
   150 | D:1      | Reached XP level 2. HP: 18/18 MP: 3/5
   627 | D:2      | Reached XP level 3. HP: 15/23 MP: 4/6
  1537 | D:2      | Found a glowing golden altar of the Shining One.
  1702 | D:2      | Reached XP level 4. HP: 28/28 MP: 7/7
  2162 | D:2      | Found a runed door.
  2167 | D:2      | Noticed Crazy Yiuf
  2171 | D:2      | Killed Crazy Yiuf
  2495 | D:3      | Reached XP level 5. HP: 30/33 MP: 8/8
  2646 | D:3      | Reached skill level 1 in Staves
  2934 | D:3      | Found a bloodstained altar of Trog.
  2936 | D:3      | Found a deep blue altar of Sif Muna.
  3003 | D:3      | Found a stormy altar of Qazlal.
  3005 | D:3      | Found an opulent altar of Gozag.
  3039 | D:3      | Found an iron altar of Okawaru.
  3335 | D:3      | Reached XP level 6. HP: 14/38 MP: 7/9
  4057 | D:4      | Reached skill level 5 in Unarmed Combat
  4123 | D:5      | Entered Level 5 of the Dungeon
  4688 | D:3      | Learned a level 3 spell: Spider Form
  4720 | D:5      | Found a sacrificial altar of Ru.
  4756 | D:5      | Reached skill level 5 in Transmutations
  4883 | D:5      | Reached XP level 7. HP: 8/43 MP: 10/10
  4887 | D:5      | HP: 1/43 [something (4)]
  5592 | D:4      | Reached skill level 1 in Stealth
  5600 | D:4      | HP: 1/43 [worker ant (8)]
  5600 | D:4      | Slain by a worker ant

Vault maps used:
D:1:      nicolae_arrival_memento_mori, minmay_distorted
D:2:      minivault_19, tso_altar, uniq_crazy_yiuf_cottage
D:3:      nicolae_overflow_hidden_temple, okawaru_trees_1
D:5:      gup_sewer_entry_bowl, first_bread, nicolae_ru_awakened_eye

Skill      XL: |  1  2  3  4  5  6  7 |
---------------+----------------------+-----
Transmutations | 3 4 5 |  5.3
Unarmed Combat | 4 5 |  5.7
Staves         | 1 2 |  2.0
Stealth        | 1 |  1.1
Fighting       | |  1.0
Dodging        | |  2.2
Spellcasting   | |  2.1

Action                   |  1- 3 |  4- 6 |  7- 9 || total
-------------------------+-------+-------+-------++-------
Melee: Unarmed           |    91 |    23 |       ||   114
       Constrict         |    24 |    39 |     2 ||    65
       Kick              |    13 |    30 |     1 ||    44
       Tentacles         |    17 |    29 |     1 ||    47
       Quarterstaff      |       |   116 |    10 ||   126
       Punch             |       |     4 |     1 ||     5
Throw: Tomahawk          |       |       |     7 ||     7
 Cast: Beastly Appendage |    13 |    32 |     1 ||    46
       Spider Form       |       |       |     1 ||     1
 Abil: End Transformatio |       |       |     1 ||     1
Evoke: Wand              |       |     2 |     2 ||     4
  Use: Potion            |       |     2 |     3 ||     5
       Scroll            |       |     3 |       ||     3
 Stab: Sleeping          |     6 |     4 |       ||    10
       Petrified         |       |     5 |       ||     5
       Petrifying        |       |     1 |       ||     1
  Eat: Chunk             |     3 |    10 |       ||    13
       Fruit             |       |     1 |       ||     1
       Beef jerky        |       |       |     1 ||     1
Armor: Skin              |    16 |     5 |     3 ||    24
Dodge: Dodged            |    66 |    73 |    15 ||   154
